 Dungeon Crawl Stone Soup version 0.21.1-1-g345015f (webtiles) character file.

56 inc the Skirmisher (level 3, -1/29 HPs)
             Began as a Demonspawn Monk on June 14, 2018.
             Slain by a worker ant (4 damage)
             ... on level 3 of the Dungeon.
             The game lasted 00:02:34 (2047 turns).

inc the Skirmisher (Demonspawn Monk)                Turns: 2047, Time: 00:02:35

Health: -1/29      AC:  8    Str: 11    XL:     3   Next: 71%
Magic:  3/3        EV:  7    Int: 12    God:
Gold:   97         SH:  0    Dex: 15    Spells: 2/2 levels left

rFire    . . .     SeeInvis .     - Unarmed
rCold    . . .     Gourm    .   (no shield)
rNeg     . . .     Faith    .   d - +0 chain mail
rPois    .         Spirit   .   (no helmet)
rElec    .         Reflect  .   (no cloak)
rCorr    .         Harm     .   (no gloves)
MR       .....                  (no boots)
Stlth    ..........             (no amulet)
HPRegen  0.09/turn              (no ring)
MPRegen  0.08/turn              (no ring)

@: lethally poisoned (-1 -> -9), hasted, very quick
A: claws 1, sturdy frame 1
a: no special abilities


You were on level 3 of the Dungeon.
You were hungry.

You visited 1 branch of the dungeon, and saw 3 of its levels.

You collected 97 gold pieces.

Inventory:

Hand Weapons
 a - a +0 mace
Armour
 b - a +0 robe
 d - a +0 chain mail (worn)
Scrolls
 e - a scroll of enchant armour {unknown}
 i - a scroll of noise {unknown}
 j - a scroll of remove curse {unknown}
 k - a scroll of enchant weapon {unknown}
 l - a scroll of blinking {unknown}
 m - a scroll of magic mapping {unknown}
 p - a scroll of random uselessness {unknown}
Potions
 o - a potion of magic {unknown}
 q - a potion of flight
Comestibles
 c - 3 rations


   Skills:
 - Level 3.0 Fighting
 - Level 2.6 Maces & Flails
 - Level 1.3 Armour
 - Level 2.8 Dodging
 - Level 1.7 Stealth
 + Level 2.5 Unarmed Combat


You had 2 spell levels left.
You didn't know any spells.

Dungeon Overview and Level Annotations

Branches:
Dungeon (3/15)

Altars:

Annotations:
D:3 Sigmund


Innate Abilities, Weirdness & Mutations

You have sharp fingernails.
Your movements are slightly less encumbered by armour. (ER -2)


Message History

The dart slug is heavily wounded.
The worker ant bites you but does no damage.
You scratch the dart slug but do no damage.
The dart slug is heavily wounded.
The worker ant bites you.
The dart slug bites you but does no damage.
You scratch the dart slug.
The dart slug is severely wounded.
You feel sick. The worker ant bites you.
You scratch the dart slug but do no damage.
The dart slug is severely wounded.
The worker ant bites you but does no damage.
The dart slug bites you. The worker ant bites you.
* * * LOW HITPOINT WARNING * * *
You are lethally poisoned!
The worker ant poisons you!
It was a potion of haste.
You feel yourself speed up.
* * * LOW HITPOINT WARNING * * *
You feel sick. The worker ant bites you.
You die...

. .. ...
....######
.........##
##......<.##
#.....†@...#
#.....aw...#
#..........#
#..........#
#..........#
##........##
#........#
..........


You could see a worker ant and a dart slug.

Vanquished Creatures
  2 adders
  A worm (D:2)
  A leopard gecko (D:1)
  5 bats
  4 giant cockroaches
  3 goblins
  5 hobgoblins
  A jackal (D:1)
  3 kobolds
  2 frilled lizards (D:1)
  5 rats
32 creatures vanquished.

Notes
Turn   | Place    | Note
-------+----------+-------------------------------------------
     0 | D:1      | inc the Demonspawn Monk began the quest for the Orb.
     0 | D:1      | Reached XP level 1. HP: 18/18 MP: 1/1
   130 | D:1      | Reached skill level 1 in Armour
   193 | D:1      | Gained mutation: You have sharp fingernails. [demonic ancestry]
   193 | D:1      | Reached XP level 2. HP: 24/24 MP: 2/2
   466 | D:1      | Reached skill level 1 in Unarmed Combat
  1030 | D:2      | Gained mutation: Your movements are slightly less encumbered by armour. (ER -2) [demonic ancestry]
  1030 | D:2      | Reached XP level 3. HP: 13/29 MP: 3/3
  1958 | D:3      | Noticed Sigmund
  2047 | D:3      | Slain by a worker ant

Skill      XL: |  1  2  3 |
---------------+----------+-----
Armour         | 1 |  1.3
Unarmed Combat | 1 2 |  2.5
Fighting       | |  3.0
Maces & Flails | |  2.6
Dodging        | |  2.8
Stealth        | |  1.7

Action                   || total
-------------------------++-------
Melee: Mace              ||   113
       Unarmed           ||    46
  Use: Potion            ||     4
       Scroll            ||     2
 Stab: Sleeping          ||     1
  Eat: Chunk             ||     3
Armor: Chain mail        ||   147
Dodge: Dodged            ||    78
